cohdb
Replays
Latest Replays
All Replays
Popular Replays
Top Player Replays
Match Explorer
How It Works
Community
CoH3 Stats
Reddit
Sign in to upload your games and track your stats! →
Sign in with Steam
Match 41492005
Unlisted
Match 41492005
Overview
Messages
Build Orders
End
Construct Barracks
Selects Heavy Weapons
Selects Heavy Weapons
Selects Heavy Weapons
Riflemen Squad
1⁄4-ton 4x4 Truck
Riflemen Squad
Construct Weapon Support Center
Bazooka Squad
M1919 Machine Gun Team
Selects M2HB .50cal Heavy Machine Gun
Air Support Center
M3 Armored Personnel Carrier
M1918 Browning Automatic Rifles
Grasshopper Recon Run
P-47 Strafing Run
Selects Assault Carriers
Selects Exchangeable Parts
M1919 Machine Gun Team
P-47 Strafing Run
Construct Motor Pool
Engineer Squad
Grasshopper Recon Run
M1 Anti-tank Gun Team
Riflemen Squad
M24 Chaffee Light Tank
M24 Chaffee Light Tank
M24 Chaffee Light Tank
Selects M26 Pershing Heavy Tank
M26 Pershing Heavy Tank
M24 Chaffee Light Tank
P-47 Strafing Run
Selects Gallant Stand
Double Sortie
Air Supremacy
M24 Chaffee Light Tank
P-47 Strafing Run
Grasshopper Recon Run
P-47 Strafing Run
Engineer Squad
wolfbane
dkdkabc
Decoy
YukikaOokami
ninjawan
ManFrau
radiation
HiddenJoker
0
0
Comments
sign in to comment!
No comments posted yet!